 Dungeon Crawl Stone Soup version 0.27-a0-404-g4390dbc5be (webtiles) character file.

Game seed: 5021759791442046562

44 CurlyBrace the Caller (level 3, 8/16 HPs)
             Began as a Felid Summoner on Feb 22, 2021.
             Quit the game on level 4 of the Dungeon.
             The game lasted 00:06:00 (560 turns).

CurlyBrace the Caller (Felid Summoner)               Turns: 560, Time: 00:06:01

Health: 8/16       AC:  1    Str:  4 (5)  XL:     3   Next: 41%
Magic:  7/7        EV: 18    Int: 14 (16) God:
Gold:   60         SH:  0    Dex: 15 (16) Spells: 3/6 levels left
                                        Lives:  0   Deaths: 0

rFire    + . .     SeeInvis +     - Unarmed
rCold    x . .     Faith    .   (shield unavailable)
rNeg     . . .     Spirit   .   (armour unavailable)
rPois    .         Reflect  .   (helmet unavailable)
rElec    .         Harm     .   (cloak unavailable)
rCorr    .         Rampage  .   (gloves unavailable)
Will     .....                  (boots unavailable)
Stlth    +++.......             (no amulet)
HPRegen  0.05/turn              b - ring of fire
MPRegen  0.10/turn              (no ring)

@: quick
A: very small, no armour, no weapons or thrown items, stealth, claws 1, fangs 3,
see invisible, speed 1, shaggy fur 1, sharp paws
a: no special abilities


You were on level 4 of the Dungeon.
You visited 1 branch of the dungeon, and saw 5 of its levels.

You collected 60 gold pieces.

Inventory:

Jewellery
 b - a ring of fire (left paw)
   (You found it on level 2 of the Dungeon)
Scrolls
 r - a scroll of identify


   Skills:
 * Level 1.9 Fighting
 - Level 3.0 Dodging
 - Level 3.0 Stealth
 * Level 1.9 Unarmed Combat
 - Level 2.0 Spellcasting
 - Level 4.0 Summonings


You had 3 spell levels left.
You knew the following spells:

 Your Spells              Type           Power        Failure   Level
a - Summon Small Mammal   Summ           48%          4%          1
b - Call Imp              Summ           12%          7%          2

Your spell library contained the following spells:

 Spells                   Type           Power        Failure   Level
 Call Canine Familiar     Summ           12%          14%         3
 Summon Guardian Golem    Hex/Summ       7%           30%         3
 Summon Ice Beast         Ice/Summ       7%           71%         4
 Summon Lightning Spire   Summ/Air       7%           71%         4


Dungeon Overview and Level Annotations

Branches:
Dungeon (5/15)
 Temple: D:4-7

Altars:
Gozag

Annotations:
D:3 exclusion: adder


Innate Abilities, Weirdness & Mutations

You cannot wear armour.
You are incapable of wielding weapons or throwing items.
Your paws allow you to move quietly. (Stealth)
You have sharp claws.
You have razor-sharp teeth.
You have supernaturally acute eyesight. (SInv)
You cover ground quickly.
You are covered in fur. (AC +1)
Your sharp claws are effective at attacking unaware monsters.


Message History

The orc throws a boomerang of dispersal.
The boomerang of dispersal barely misses you.
You aren't carrying any items that you can evoke.
Unknown command.
Unknown command.
As you read the scroll labelled XYPSYL SENUE, it crumbles to dust.
It is a scroll of identify.
a - a scroll of fog;
r - a scroll of identify
As you read the scroll of fog, it crumbles to dust.
The scroll dissolves into smoke.
You aren't carrying any potions.
Unknown command.
You barely miss the orc.
Unknown command.
Unknown command.
You hit the orc priest.
The orc priest is moderately wounded.
You feel less wooden. The orc priest closely misses you.
Unknown command.
Unknown command.
Press: ? - help, v - describe, . - travel
Here: an orc priest (grey smoke, moderately wounded)
The floor, spattered with blood.
The orc priest mumbles some strange prayers to Beogh against you.
Beogh smites you!
Ouch! That really hurt!
Unknown command.
The orc throws a boomerang of dispersal.
The boomerang of dispersal completely misses you. 2 gnolls come into view.
A gnoll is wielding a +0 whip of venom.
A gnoll comes into view. It is wielding a +0 spear.
The gnoll shouts! x2; You hear a shout!
A gnoll comes into view. It is wielding a +0 whip.
The gnoll moves out of view.
The gnoll shouts! x2
Okay, then.
Unknown command.
You aren't carrying any potions.
Are you sure you want to abandon this character and quit the game? (Confirm with "yes".)

#..#
#..#
#..#
#..##
#...#
#...#
##..#
#..#
#@.#
#..#
#..#
#..#
#.g#
#..g
...g
.....


You could see 3 gnolls.

Vanquished Creatures
  An orc wizard (D:4)
  A dart slug (D:3)
  2 orcs (D:4)
  A ball python (D:1)
  A giant cockroach (D:1)
  A hobgoblin (D:3)
  A frilled lizard (D:3)
8 creatures vanquished.

Vanquished Creatures (collateral kills)
  An adder (D:2)
  A ball python (D:1)
  A giant cockroach (D:2)
  A goblin (D:2)
  2 rats (D:1)
6 creatures vanquished.

Grand Total: 14 creatures vanquished

Notes
Turn   | Place    | Note
-------+----------+-------------------------------------------
     0 | D:1      | CurlyBrace the Felid Summoner began the quest for the Orb.
     0 | D:1      | Reached XP level 1. HP: 7/7 MP: 4/4
   201 | D:2      | Reached skill level 1 in Fighting
   201 | D:2      | Reached XP level 2. HP: 7/12 MP: 1/6
   206 | D:2      | Learned a level 2 spell: Call Imp
   252 | D:3      | Reached skill level 1 in Unarmed Combat
   442 | D:4      | Found an opulent altar of Gozag.
   474 | D:5      | Entered Level 5 of the Dungeon
   510 | D:4      | Reached XP level 3. HP: 16/16 MP: 7/7
   560 | D:4      | Quit the game

Illustrated notes

Levels and vault maps discovered:
D:1:      scummos_arrival_hexagon, layout_loops_corners
D:2:      layout_loops_ring, marbit_many_paths, minmay_misc_feat_nine_boxes
D:3:      layout_basic, st_stairs_11, patterned_corridor
D:4:      layout_cave_pods, grunt_gozag_statues,
          nemelex_xobeh_ov_fountains_minmay, nicolae_qazlal_eye_of_the_storm
D:5:      layout_basic, grunt_temple_overflow_order_and_chaos_2,
          grunt_temple_overflow_open, serial_shops, kennysheep_mini_moat,
          led_xom_imps

Skill      XL: |  1  2 |
---------------+-------+-----
Fighting       | 1 |  1.9
Stealth        | 3 |  3.0
Unarmed Combat | 1 |  1.9
Dodging        | 3 |  3.0
Spellcasting   | |  2.0
Summonings     | |  4.0

Action                   || total
-------------------------++-------
Melee: Unarmed           ||    41
       Bite              ||     3
 Cast: Summon Small Mamm ||    18
  Use: Scroll            ||     3
       Potion            ||     2
 Stab: Sleeping          ||     1
Armor: Skin              ||     4
Dodge: Dodged            ||    43

Table legend: (Time is in decaauts)
 A = Elapsed time spent in this place.
 B = Non-inter-level travel time spent in this place.
 C = Inter-level travel time spent in this place.
 D = Time resting spent in this place.
 E = Time spent auto-exploring this place.
 F = Levels seen in this place.
 G = Mean time per level.
                   A        B        C        D        E       F      G
               +--------+--------+--------+--------+--------+-----+--------+
         Total |    471 |    471 |      0 |      0 |      0 |   5 |   94.2 |
       Dungeon |    471 |    471 |      0 |      0 |      0 |   5 |   94.2 |
               +--------+--------+--------+--------+--------+-----+--------+

Top non-repeatable levels by time:
     D:3: 145 daAuts
     D:4: 123 daAuts
     D:2: 114 daAuts
     D:1: 82 daAuts
     D:5: 6 daAuts
